Map: Dusk Towers

Players

xKawaiian - Winner!

  • Race: Terran Terran
  • League: Master

KalVasFlam

  • Race: Terran Terran
  • League: Master

VOD

Have the link to the VOD?

Description

Time

  • Played on: Jan. 12, 2016, 10:09 p.m.
  • Length: 5:45
Show
View Real Time Build Order
Export as new Build Order

xKawaiian Terran - Winner!

Build Orders: 1/1/1, Cyclone Opening 

Get SALT Encoding   

  12  0:01  SCV  
  13  0:13  SCV  
  14  0:17  Supply Depot  
  14  0:25  SCV  
  15  0:39  SCV  
  15  0:40  Barracks  
  16  0:46  Refinery  
  16  0:51  SCV  
  16  0:53  Refinery  
  17  1:03  SCV  
  18  1:15  SCV  
  19  1:27  Marine  
  19  1:29  Orbital Command  
  20  1:36  Factory  
  20  1:41  Supply Depot  
  20  1:45  Marine  
  21  1:56  SCV  
  22  2:03  Marine  
  22  2:08  SCV  
  24  2:20  SCV  
  24  2:21  Factory Tech Lab, Marine  
  24  2:22  Starport  
  26  2:30  Supply Depot  
  26  2:32  SCV  
  27  2:39  Marine  
  27  2:43  Cyclone  
  31  2:51  SCV  
  31  2:53  Supply Depot  
  32  2:59  Medivac  
  32  3:03  SCV  
  32  3:04  Marine  
  36  3:15  SCV  
  36  3:17  Supply Depot  
  37  3:24  Siege Tank  
  37  3:25  Marine  
  41  3:27  SCV  
  41  3:34  Liberator  
  41  3:39  SCV  
  41  3:40  Supply Depot, Engineering Bay  
  42  3:43  Marine  
  43  3:52  SCV  
  47  4:01  Marine  
  48  4:04  Supply Depot  
  47  4:18  Marine  
  47  4:20  Missile Turret  
  48  4:29  SCV  
  48  4:30  Missile Turret  
  49  4:34  Command Center  
  44  4:53  Viking, Marine  
  44  4:54  SCV  
  47  5:02  Siege Tank  
  48  5:10  Marine  
  48  5:19  SCV  
Show
View Real Time Build Order
Export as new Build Order

KalVasFlam Terran 

Build Orders: 1/1/1, Banshee Rush 

Get SALT Encoding   

  12  0:00  SCV  
  13  0:13  SCV  
  14  0:17  Supply Depot  
  14  0:24  Refinery  
  14  0:27  SCV  
  15  0:39  SCV  
  16  0:46  Barracks  
  16  0:54  Refinery  
  16  0:56  SCV  
  17  1:08  SCV  
  18  1:20  SCV  
  19  1:33  Orbital Command  
  19  1:35  Factory  
  19  1:39  Reaper  
  19  1:57  Supply Depot  
  19  1:59  SCV  
  20  2:11  SCV  
  20  2:13  Reaper  
  22  2:20  Hellion  
  22  2:21  Starport  
  24  2:25  SCV  
  25  2:32  Supply Depot  
  25  2:37  SCV  
  26  2:45  Hellion  
  26  2:46  Barracks Tech Lab  
  26  2:49  SCV  
  28  3:01  SCV  
  29  3:10  Banshee, Cloaking Field  
  32  3:13  SCV  
  32  3:16  Factory Tech Lab  
  32  3:18  Barracks Reactor  
  33  3:25  SCV  
  31  3:36  Siege Tank  
  31  3:38  SCV  
  33  3:53  Banshee  
  36  4:02  Marine x2  
  38  4:16  Command Center  
  36  4:26  Supply Depot  
  35  4:47  Siege Tank  
  38  5:04  Marine  
  39  5:09  Supply Depot  
  39  5:26  Marine  
  39  5:28  Supply Depot, SCV  
Tags
 
Add a new tag
Caveats
  • Supply blocks, unpowered buildings, or Contaminate may cause inaccurate times.
  • Supply counts are checked every 10 seconds.